 Dungeon Crawl Stone Soup version 0.16.0-17-g811c1d7 (webtiles) character file.

4170 Impervious the Fighter (level 10, -2/80 HPs)
             Began as a Demonspawn Fighter on Mar 22, 2015.
             Was a Believer of Okawaru.
             Slain by a ten-headed hydra (9 damage)
             ... on level 10 of the Dungeon.
             The game lasted 00:28:02 (8546 turns).

Impervious the Fighter (Demonspawn Fighter)         Turns: 8546, Time: 00:28:02

Health: -2/80      AC: 15    Str: 19    XL:     10   Next: 7%
Magic:  21/21      EV:  9    Int: 11    God:    Okawaru [**....]
Gold:   811        SH: 10    Dex: 11    Spells: 0 memorised, 17 levels left

rFire  . . .     SeeInvis .     W - +0 long sword
rCold  + . .     Clarity  .     b - +0 scale mail (curse)
rNeg   . . .     SustAb   .     c - +0 shield
rPois  .         Gourm    .     (helmet restricted)
rElec  .         Spirit   .     r - +0 cloak
rCorr  .         Warding  .     p - +0 pair of gloves (curse)
rMut   +         Stasis   .     U - +0 pair of boots
MR     .....                    Y - amulet of resist mutation
Stlth  ..........               N - ring of stealth
                                L - ring of loudness (curse)

@: not resistant to hostile enchantments, extremely unstealthy
A: horns 1, rough black scales 1, cold resistance 1, rot immunity
a: Heroism, Renounce Religion


You were on level 10 of the Dungeon.
You worshipped Okawaru.
Okawaru was pleased with you.
You were not hungry.

You visited 3 branches of the dungeon, and saw 12 of its levels.
You also visited: Ossuary.

You collected 811 gold pieces.

Inventory:

Hand weapons
 w - a +0 long sword
 H - a +0 blowgun
 W - a +0 long sword (weapon)
Missiles
 B - 73 poisoned needles
Armour
 b - a cursed +0 scale mail (worn)
 c - a +0 shield (worn)
 p - a cursed +0 pair of gloves (worn)
 r - a +0 cloak (worn)
 y - a +0 helmet
 U - a +0 pair of boots (worn)
Jewellery
 L - a cursed ring of loudness (left hand)
 N - a ring of stealth (right hand)
 Y - an amulet of resist mutation (around neck)
Magical devices
 a - a wand of magic darts (23)
 R - a wand of draining (1)
 V - a wand of draining (0)
Scrolls
 f - 7 scrolls of identify {unknown}
 k - 2 scrolls of remove curse {unknown}
 q - 4 scrolls of enchant armour {unknown}
 v - 6 scrolls of teleportation {unknown}
 A - 3 scrolls of fear {unknown}
 D - a scroll of enchant weapon {unknown}
 G - 2 scrolls of fog {unknown}
 M - a scroll of holy word {unknown}
 O - a scroll of blinking {unknown}
 S - a scroll of noise {unknown}
 T - a scroll of immolation {unknown}
Potions
 e - 3 potions of might
 g - 2 potions of heal wounds {unknown}
 h - a potion of ambrosia {unknown}
 m - 3 potions of brilliance {unknown}
 n - 5 potions of curing {unknown}
 o - a potion of restore abilities {unknown}
 s - a potion of beneficial mutation {unknown}
 u - a potion of mutation {unknown}
 x - a potion of poison {unknown}
 z - a potion of berserk rage {unknown}
 C - a potion of haste {unknown}
 F - 3 potions of invisibility {unknown}
 P - a potion of resistance {unknown}
 Q - a potion of agility {unknown}
Books
 E - an Akashic Record {highlevel, unknown}

   This book is beyond your current level of understanding.

   Spells                             Type                      Level
   a - Dispersal                      Translocation                6
   b - Controlled Blink               Translocation                7
   c - Malign Gateway                 Summoning/Translocation      7
   d - Disjunction                    Translocation                8
   e - Singularity                    Translocation                9
 J - a book of Enchantments

   Spells                             Type                      Level
   a - Tukima's Dance                 Hexes                        3
   b - Cause Fear                     Hexes                        4
   c - Silence                        Hexes/Air                    5
   d - Deflect Missiles               Charms/Air                   6
   e - Haste                          Charms                       6
   f - Discord                        Hexes                        8
Miscellaneous
 I - a plain deck of defence {drawn: 1}
Comestibles
 d - 5 bread rations
 i - 4 slices of pizza
 j - 5 beef jerkies
 l - a meat ration
 t - 11 fruits
 K - a royal jelly
 X - 5 chunks of flesh


   Skills:
 * Level 8.0 Fighting
 + Level 4.7 Long Blades
 + Level 5.1 Armour
 + Level 4.7 Dodging
 + Level 5.3 Shields
 - Level 1.1 Unarmed Combat
 - Level 4.4 Spellcasting
 * Level 5.6 Invocations
 - Level 2.5 Evocations


You had 17 spell levels left.
You didn't know any spells.

Dungeon Overview and Level Annotations

Branches:
Dungeon (10/15)            Temple (1/1) D:7            Lair (1/8) D:8
    Orc: D:9-12

Altars:
Ashenzari
Cheibriados
Elyvilon
Fedhas
Gozag
Kikubaaqudgha
Nemelex Xobeh
Okawaru
Qazlal
Ru
Sif Muna
Trog
Vehumet
Yredelemnul
Zin
The Shining One
Lugonu

Annotations:
D:9 1 runed door


Innate Abilities, Weirdness & Mutations

You have a pair of small horns on your head.
You are partially covered in rough black scales (AC +4, Dex -1).
Your flesh is cold resistant.
You are immune to rotting.


Message History

The nine-headed hydra bites you but does no damage.
The nine-headed hydra barely misses you.
You block the nine-headed hydra's attack.
The nine-headed hydra bites you but does no damage.
The nine-headed hydra barely misses you. x2
You lop one of the nine-headed hydra's heads off!
The eight-headed hydra grows two more!
You hit the ten-headed hydra. You headbutt the ten-headed hydra.
The ten-headed hydra is moderately wounded.
The ten-headed hydra bites you but does no damage.
The ten-headed hydra bites you.
* * * LOW HITPOINT WARNING * * *
The ten-headed hydra bites you!
* * * LOW HITPOINT WARNING * * *
The ten-headed hydra bites you.
* * * LOW HITPOINT WARNING * * *
The ten-headed hydra closely misses you.
You block the ten-headed hydra's attack.
The ten-headed hydra bites you!
You die...

#...... +.....# #.....#
... #.....+ #...
##+###.....# +...
...........# #...
#.........##########...
#......................
#....(@###+#...........
#....$D# #...........
#......# #......)....
#......# #...........
#......#####...........
#......................
...###################
.. # #


You could see a ten-headed hydra.

Vanquished Creatures
  A two-headed ogre (D:8)
  A troll (D:9)
  3 hippogriffs
  2 hungry ghosts (D:10)
  A sky beast (D:8)
  A water moccasin (D:9)
  3 ice beasts
  6 ogres
  A necrophage (D:8)
  A centaur (D:7)
  2 elf zombies (Ossuary)
  The ghost of puimuR the Caller, an average OpSu (D:3)
  A wyvern zombie (D:8)
  2 scorpions
  3 wights (D:9)
  A centaur zombie (Ossuary)
  6 hounds
  4 jellies
  4 crimson imps
  2 orc priests
  A goliath beetle (D:5)
  6 iguanas
  A giant frog skeleton (D:7)
  3 orc wizards
  7 worker ants
  2 hound zombies
  2 mummies (Ossuary)
  A worker ant zombie (D:6)
  Robin (D:4)
  7 gnolls
  14 adders
  4 shadow imps
  3 worms
  10 giant geckos
  26 orcs
  10 bats
  2 bat zombies
  4 giant cockroaches
  A gnoll zombie (Ossuary)
  15 hobgoblins
  4 jackals (D:1)
  3 quokkas
  3 ball pythons
  A giant gecko skeleton (D:4)
  2 giant newts (D:2)
  22 goblins
  4 goblin zombies (Ossuary)
  3 hobgoblin zombies (Ossuary)
  A jackal skeleton (D:4)
  19 kobolds
  3 orc zombies (Ossuary)
  17 rats
  4 ballistomycetes (D:6)
252 creatures vanquished.

Vanquished Creatures (others)
  2 orcs (D:6)
  A bat (D:6)
  A giant spore (D:6)
4 creatures vanquished.

Grand Total: 256 creatures vanquished

Notes
Turn   | Place    | Note
--------------------------------------------------------------
     0 | D:1      | Impervious, the Demonspawn Fighter, began the quest for the Orb.
     0 | D:1      | Reached XP level 1. HP: 18/18 MP: 1/1
   223 | D:2      | Gained mutation: You are immune to rotting. [demonic ancestry]
   223 | D:2      | Reached XP level 2. HP: 17/24 MP: 2/2
   726 | D:2      | Reached XP level 3. HP: 27/29 MP: 3/3
   948 | D:2      | Reached skill level 1 in Spellcasting
  1091 | D:2      | Reached XP level 4. HP: 16/37 MP: 6/6
  1095 | D:2      | Reached skill level 1 in Dodging
  1095 | D:2      | Reached skill level 1 in Unarmed Combat
  1330 | D:2      | Found a bloodstained altar of Trog.
  1827 | D:3      | Gained mutation: Your flesh is cold resistant. [demonic ancestry]
  1827 | D:3      | Reached XP level 5. HP: 13/42 MP: 8/8
  2343 | D:4      | Reached skill level 4 in Fighting
  2364 | D:3      | Noticed puimuR's ghost (average OpSu)
  2370 | D:3      | Killed puimuR's ghost
  2370 | D:3      | Reached XP level 6. HP: 45/48 MP: 11/11
  2462 | D:4      | Noticed Robin
  2660 | D:4      | Killed Robin
  2902 | D:5      | Entered Level 5 of the Dungeon
  2902 | D:5      | Found a sand-covered staircase.
  2947 | Ossuary  | Entered an ossuary
  3313 | Ossuary  | Reached XP level 7. HP: 55/55 MP: 12/14
  3646 | D:4      | Reached skill level 5 in Fighting
  3772 | D:4      | Found a stormy altar of Qazlal.
  4812 | D:5      | Gained mutation: You are partially covered in rough black scales (AC +4, Dex -1). [demonic ancestry]
  4812 | D:5      | Reached XP level 8. HP: 31/63 MP: 17/17
  5034 | D:6      | Reached skill level 1 in Evocations
  5584 | D:7      | Reached skill level 6 in Fighting
  5596 | D:8      | Found a staircase to the Lair.
  5836 | D:6      | Noticed a moth of wrath
  5839 | D:6      | Found a bloodstained altar of Trog.
  5972 | D:6      | Found a glowing golden altar of the Shining One.
  5972 | D:6      | Found a basalt altar of Yredelemnul.
  5973 | D:6      | Noticed an angel
  5981 | D:6      | Noticed a profane servitor
  6192 | D:7      | Found a snail-covered altar of Cheibriados.
  6535 | D:7      | Reached XP level 9. HP: 50/71 MP: 20/20
  6563 | D:7      | Found a staircase to the Ecumenical Temple.
  6568 | Temple   | Entered the Ecumenical Temple
  6606 | Temple   | Became a worshipper of Warmaster Okawaru
  6799 | D:7      | Found a deep blue altar of Sif Muna.
  6804 | D:7      | Found an ancient bone altar of Kikubaaqudgha.
  6815 | D:7      | Found a sacrificial altar of Ru.
  7095 | D:8      | Reached skill level 1 in Invocations
  7130 | D:9      | Found a sparkling altar of Nemelex Xobeh.
  7136 | D:9      | Reached skill level 7 in Fighting
  7160 | D:8      | Noticed a two-headed ogre
  7170 | D:8      | Killed a two-headed ogre
  7188 | Lair:1   | Entered Level 1 of the Lair of Beasts
  7224 | D:8      | Acquired Okawaru's first power
  7325 | D:8      | Reached skill level 5 in Shields
  7774 | D:10     | Entered Level 10 of the Dungeon
  7781 | D:10     | Reached skill level 5 in Armour
  7963 | D:9      | Found a white marble altar of Elyvilon.
  7973 | D:9      | Reached skill level 5 in Invocations
  8271 | D:9      | Found a glowing golden altar of the Shining One.
  8272 | D:9      | Found a runed door.
  8272 | D:9      | Noticed an angel
  8446 | D:9      | Gained mutation: You have a pair of small horns on your head. [demonic ancestry]
  8446 | D:9      | Reached XP level 10. HP: 77/80 MP: 21/21
  8478 | D:9      | Reached skill level 8 in Fighting
  8538 | D:10     | Noticed a six-headed hydra
  8546 | D:10     | Slain by a ten-headed hydra

Action                   |  1- 3 |  4- 6 |  7- 9 | 10-12 || total
-------------------------+-------+-------+-------+-------++-------
Melee: Long sword        |   114 |   181 |   548 |    26 ||   869
Invok: Heroism           |       |       |     1 |       ||     1
Evoke: Wand              |       |       |     7 |     3 ||    10
       Deck              |       |       |     1 |       ||     1
  Use: Potion            |     1 |     1 |       |       ||     2
  Eat: Chunk             |       |     8 |    18 |     2 ||    28
